 Dungeon Crawl Stone Soup version 0.26-a0-812-g31a745ddcd (webtiles) character file.

Game seed: 15140751054358645829

6927 sahdkjhfkaj the Martial Artist (level 11, -4/124 HPs)
             Began as a Human Monk on Nov 14, 2020.
             Was an Elder of the Shining One.
             Slain by a troll (12 damage)
             ... on level 13 of the Dungeon.
             The game lasted 00:28:15 (11007 turns).

sahdkjhfkaj the Martial Artist (Human Monk)        Turns: 11007, Time: 00:28:15

Health: -4/124     AC: 24    Str: 15    XL:     11   Next: 27%
Magic:  18/18      EV:  3    Int: 11    God:    the Shining One [****..]
Gold:   708        SH: 13    Dex: 17    Spells: 10/10 levels left

rFire    + . .     SeeInvis .     - Unarmed
rCold    + . .     Faith    .   r - +0 tower shield (curse)
rNeg     + + +     Spirit   .   c - +1 plate armour {rN+}
rPois    +         Reflect  .   (no helmet)
rElec    +         Harm     .   b - +1 cloak {Stlth+}
rCorr    +         Rampage  .   v - +0 pair of gloves
MR       .....     Rnd*Rage +   s - +2 pair of boots
Stlth    ..........             (no amulet)
HPRegen  0.30/turn              l - +4 ring of protection
MPRegen  0.16/turn              a - ring of positive energy

@: berserking, resistant, vulnerable, glowing, very quick
A: talons 1, thin skeletal structure 1, berserk 1, wild magic 1
a: Divine Shield, Cleansing Flame, Renounce Religion


You were on level 13 of the Dungeon.
You worshipped the Shining One.
The Shining One was greatly pleased with you.
You visited 2 branches of the dungeon, and saw 13 of its levels.
You also visited: Sewer.

You collected 708 gold pieces.

Inventory:

Missiles
 o - 24 boomerangs (quivered)
Armour
 b - a +1 cloak of stealth (worn)
 c - a +1 plate armour of positive energy (worn)
 r - a cursed +0 tower shield (worn)
 s - a +2 pair of boots (worn)
 v - a +0 pair of gloves (worn)
Jewellery
 a - a ring of positive energy (right hand)
 l - a +4 ring of protection (left hand)
Wands
 f - a wand of acid (9)
 g - a wand of disintegration (10)
 y - a wand of flame (35)
 A - a wand of iceblast (32)
 C - a wand of polymorph (6)
Scrolls
 e - 5 scrolls of remove curse {!r}
 j - 3 scrolls of enchant armour {!r}
 k - 3 scrolls of magic mapping {!r}
Potions
 d - a potion of haste {!q, unknown}
 h - 3 potions of brilliance {!q}
 i - a potion of resistance {!q}
 q - a potion of mutation {!q}
 w - a potion of curing {!q}
 B - a potion of invisibility {!q, unknown}


   Skills:
 + Level 6.6 Fighting
 - Level 1.0 Throwing
 + Level 5.6 Armour
 + Level 6.6 Dodging
 - Level 2.0 Stealth
 + Level 2.7 Shields
 - Level 10.0 Unarmed Combat
 + Level 9.4 Invocations


You had 10 spell levels left.
You didn't know any spells.
Your spell library contained the following spells:

 Spells                   Type           Power        Failure   Level
 Animate Skeleton         Necr           #.....       100%        1
 Foxfire                  Conj/Fire      #...         100%        1
 Pain                     Necr           #...         100%        1
 Summon Small Mammal      Summ           #...         100%        1
 Call Imp                 Summ           #.......     100%        2
 Call Canine Familiar     Summ           #.......     100%        3
 Summon Guardian Golem    Hex/Summ       #.......     100%        3
 Vampiric Draining        Necr           #.........   100%        3
 Animate Dead             Necr           #.........   100%        4
 Summon Ice Beast         Ice/Summ       #.......     100%        4
 Summon Lightning Spire   Summ/Air       #.......     100%        4
 Agony                    Necr           #.......     100%        5


Dungeon Overview and Level Annotations

Branches:
Dungeon (14/15)            Temple (1/1) D:6            Lair (0/6) D:9
  Sewer (visited)
    Orc: D:9-12      Vaults: D:13-14

Altars:
Ashenzari
Cheibriados
Dithmenos
Elyvilon
Fedhas
Gozag
Hepliaklqana
Kikubaaqudgha
Makhleb
Nemelex Xobeh
Okawaru
Qazlal
Ru
Sif Muna
Trog
Uskayaw
Vehumet
Wu Jian
Xom
Yredelemnul
The Shining One

Shops:
D:4 :(}   D:8 :

Annotations:
D:6 1 runed translucent door, Crazy Yiuf
D:9 1 runed translucent door
D:11 2 runed translucent doors


Innate Abilities, Weirdness & Mutations

You have sharp toenails.
You have a somewhat thin skeletal structure. (Dex +2, Stealth)
You tend to lose your temper in combat.
Your spells are a little harder to cast, but a little more powerful.


Message History

The troll is severely wounded.
The troll bites you.
* * * LOW HITPOINT WARNING * * *
The troll barely misses you. The troll claws you but does no damage.
The troll bites you but does no damage.
The troll claws you but does no damage. x2
You hit the troll.
The troll is severely wounded.
The troll bites you but does no damage. You block the troll's attack. x2
The troll bites you but does no damage.
The troll claws you but does no damage. x2
You hit the troll.
The troll is severely wounded.
You pummel the troll!!
You kill the troll!
You block the troll's attack. x2; The troll claws you but does no damage.
You punch the troll!
The troll is moderately wounded.
You pummel the troll!!
The troll is severely wounded.
The troll bites you!
You die...

######
#.@o.#
#T##.# ≈ #.
#.#
....##[##
.......o>#
...........#
≈####.#.##.#
.. ...#.# .#
##..#.# #


You could see a troll (vulnerable) and an orc.

Vanquished Creatures
  Pikel (D:4)
  2 trolls
  An air elemental (D:11)
  7 yaks (D:9)
  Eustachio (D:5)
  A wyvern (D:9)
  The ghost of Foxy the Insei, an amateur OpTm (D:3)
  Duvessa (D:6)
  A water moccasin (D:7)
  2 orc warriors (D:9)
  Purgy (Sewer)
  3 sky beasts
  3 ice beasts
  An eye of draining (D:9)
  A phantom (D:8)
  2 ogres (D:7)
  2 wolves (D:9)
  A necrophage (D:9)
  2 centaurs (D:9)
  A lemure (D:4)
  6 bullfrogs
  2 big kobolds
  A wyvern zombie (D:5)
  A gnoll sergeant (D:8)
  A water moccasin zombie (D:8)
  An earth elemental (D:11)
  Dowan (D:6)
  A wyvern skeleton (D:7)
  2 scorpions
  3 killer bees (D:9)
  4 wights
  3 howler monkeys
  A bullfrog zombie (D:9)
  An electric eel (D:9)
  2 orc priests
  2 jellies (D:6)
  2 bullfrog skeletons
  9 hounds
  2 iguanas
  6 orc wizards
  6 worker ants
  A hound zombie (D:5)
  A worker ant zombie (D:2)
  10 gnolls
  11 adders
  2 river rats (D:3)
  A shadow imp (D:8)
  3 white imps
  5 ufetubi
  An adder skeleton (D:4)
  A worm (D:2)
  6 dart slugs
  4 leopard geckos
  28 orcs
  2 ball pythons (D:3)
  11 bats
  10 giant cockroaches
  9 goblins
  5 hobgoblins
  10 jackals
  12 kobolds
  2 quokkas
  A frilled lizard (D:1)
  8 rats
  A spectral orc (D:7)
237 creatures vanquished.

Vanquished Creatures (others)
  2 fungi (D:6)
2 creatures vanquished.

Grand Total: 239 creatures vanquished

Notes
Turn   | Place    | Note
-------+----------+-------------------------------------------
     0 | D:1      | sahdkjhfkaj the Human Monk began the quest for the Orb.
     0 | D:1      | Reached XP level 1. HP: 18/18 MP: 1/1
   381 | D:1      | Reached XP level 2. HP: 18/24 MP: 2/2
   740 | D:1      | Reached skill level 4 in Unarmed Combat
   740 | D:1      | Reached XP level 3. HP: 29/29 MP: 3/3
   855 | D:1      | Reached skill level 1 in Throwing
  1745 | D:2      | Found a snail-covered altar of Cheibriados.
  1824 | D:2      | Reached XP level 4. HP: 28/35 MP: 4/4
  2321 | D:3      | Found a sparkling altar of Nemelex Xobeh.
  2372 | D:3      | Found a runed translucent gate.
  2373 | D:3      | Found a runed translucent gate.
  2374 | D:3      | Found a runed translucent gate.
  2604 | D:3      | Reached skill level 5 in Unarmed Combat
  2666 | D:3      | Found a glowing golden altar of the Shining One.
  2676 | D:3      | Became a worshipper of the Shining One
  2676 | D:3      | Reached * piety under the Shining One
  2676 | D:3      | Reached ** piety under the Shining One
  2802 | D:3      | Reached XP level 5. HP: 38/41 MP: 5/5
  2827 | D:3      | Found a glowing drain.
  2848 | Sewer    | Entered a sewer
  3039 | Sewer    | Noticed Purgy
  3058 | Sewer    | Killed Purgy
  3058 | Sewer    | Reached skill level 6 in Unarmed Combat
  3058 | Sewer    | Reached skill level 1 in Invocations
  3058 | Sewer    | Reached XP level 6. HP: 27/47 MP: 5/7
  3348 | D:3      | Noticed Foxy's ghost (amateur OpTm)
  3645 | D:3      | Killed Foxy's ghost
  3830 | D:3      | Reached XP level 7. HP: 52/52 MP: 10/10
  3898 | D:4      | Found Jauxt's Antique Weapon Boutique.
  3952 | D:4      | Found Vuwurex's Book Shop.
  4038 | D:4      | Noticed Pikel
  4043 | D:4      | Killed Pikel
  4043 | D:4      | Reached skill level 5 in Invocations
  4043 | D:4      | Reached skill level 1 in Armour
  4043 | D:4      | Reached skill level 5 in Fighting
  4043 | D:4      | Reached XP level 8. HP: 62/62 MP: 11/11
  4100 | D:4      | Found Ijes Gomu's Gadget Shoppe.
  4428 | D:5      | Entered Level 5 of the Dungeon
  4749 | D:5      | Reached skill level 5 in Dodging
  5081 | D:4      | Reached skill level 7 in Unarmed Combat
  5564 | D:5      | Found a broken altar of Ashenzari.
  5604 | D:5      | Noticed Eustachio
  5607 | D:5      | Killed Eustachio
  5607 | D:5      | Reached XP level 9. HP: 68/68 MP: 12/12
  5912 | D:6      | Noticed Duvessa
  5912 | D:6      | Noticed Dowan
  5922 | D:6      | Killed Duvessa
  5922 | D:6      | Reached skill level 5 in Armour
  5932 | D:6      | Killed Dowan
  6088 | D:6      | Gained mutation: Your magical capacity is low. (-10% MP)
                  | [potion of mutation]
  6088 | D:6      | Gained mutation: Armour fits poorly on your strangely
                  | shaped body. [potion of mutation]
  6088 | D:6      | Gained mutation: You have a somewhat thin skeletal
                  | structure. (Dex +2, Stealth) [potion of mutation]
  6380 | D:6      | Found a staircase to the Ecumenical Temple.
  6423 | D:6      | Reached skill level 8 in Unarmed Combat
  6433 | D:6      | Noticed a troll
  6450 | Temple   | Entered the Ecumenical Temple
  6774 | D:6      | Killed a troll
  6866 | D:6      | Found a runed translucent door.
  6867 | D:6      | Noticed Crazy Yiuf
  7146 | D:7      | Reached skill level 9 in Unarmed Combat
  7150 | D:7      | Reached skill level 1 in Shields
  7244 | D:7      | Found a basalt altar of Yredelemnul.
  7435 | D:7      | Reached *** piety under the Shining One
  7541 | D:7      | Reached XP level 10. HP: 74/74 MP: 12/12
  7759 | D:7      | Found a shimmering blue altar of Sif Muna.
  7833 | D:7      | Reached skill level 10 in Unarmed Combat
  8095 | D:7      | Lost mutation: Armour fits poorly on your strangely shaped
                  | body. [potion of mutation]
  8095 | D:7      | Lost mutation: Your magical capacity is low. (-10% MP)
                  | [potion of mutation]
  8095 | D:7      | Gained mutation: You tend to lose your temper in combat.
                  | [potion of mutation]
  8095 | D:7      | Gained mutation: Your spells are a little harder to cast,
                  | but a little more powerful. [potion of mutation]
  8095 | D:7      | Gained mutation: You have sharp toenails. [potion of
                  | mutation]
  8115 | D:7      | Identified Sif Muna's Volume of Flames
  8951 | D:8      | Noticed Maurice
  8952 | D:8      | Noticed Maurice
  8952 | D:8      | Maurice changed into Maurice the big kobold
  8962 | D:8      | Killed Maurice the big kobold
  9237 | D:8      | Found a white marble altar of Elyvilon.
  9336 | D:8      | Found Zojif's Book Emporium.
  9687 | D:9      | Reached **** piety under the Shining One
 10110 | D:9      | Reached XP level 11. HP: 81/81 MP: 17/17
 10125 | D:9      | Found a blossoming altar of Fedhas.
 10925 | D:9      | Found a runed translucent door.
 10944 | D:9      | Found a staircase to the Lair.
 10944 | D:9      | You fall into a shaft and drop 2 floors!
 10963 | D:11     | Found a large runed translucent door.
 10963 | D:11     | Found a large runed translucent door.
 10984 | D:11     | HP: 1/83 [fire elemental (5)]
 10988 | D:11     | You fall into a shaft and drop 3 floors!
 10989 | D:14     | Noticed a manticore
 10990 | D:14     | Found a shimmering altar of Xom.
 10991 | D:14     | Found the +7 mace of Variability {chain chaos}
 11007 | D:13     | Slain by a troll

Illustrated notes

Levels and vault maps discovered:
D:1:      dpeg_arrival_connections, layout_loops_ring, kennysheep_nondescript,
          grunt_decor_resistance
D:2:      layout_rooms, old_standard_altar
D:3:      layout_loops_ring, nicolae_tso_swordbearing_angel,
          ebering_ghost_rock_garden, portal_sewer_entry_e,
          nemelex_spade_bored_becter
D:4:      layout_loops_ring, serial_shops,
          nicolae_shop_temple_entry_statues_fountains, shop, shop, uniq_pikel
D:5:      layout_basic, marbit_many_paths, chequers_serial_rivers_large_a,
          uniq_eustachio
D:6:      layout_basic, gammafunk_temple_overflow_elements, temple_pool_b,
          uniq_crazy_yiuf_cottage, uniq_duvessa
D:7:      layout_loops_ring, led_sif_book, yredelemnul_forgotten_temple_becter,
          chequers_serial_rivers_room_a
D:8:      layout_cave_pools, elyvilon_altar_5, serial_shops, shop, uniq_maurice
D:9:      gammafunk_indiana_jones, layout_stronghold,
          fedhas_bush_and_centaur_altar, erik_lair_island
D:11:     layout_roguey, orc_david_3, special_room [special_room_bee],
          lightli_elemental_guards
D:13:     layout_basic, basic_altar
D:14:     layout_cave_pools, hangedman_vaults_entry_quadrant_bands,
          minmay_guarded_unrand_variability
Temple:   nicolae_temple_figure_eight

Skill      XL: |  1  2  3  4  5  6  7  8  9 10 11 |
---------------+----------------------------------+-----
Unarmed Combat | 4 5 6 7 9 10 | 10.0
Throwing       | 1 |  1.0
Invocations    | 2 4 5 9 |  9.4
Armour         | 1 3 5 |  5.6
Fighting       | 5 6 |  6.6
Dodging        | 4 5 6 |  6.6
Shields        | 1 2 |  2.7
Stealth        | |  2.0

Action                   |  1- 3 |  4- 6 |  7- 9 | 10-12 || total
-------------------------+-------+-------+-------+-------++-------
Melee: Unarmed           |    28 |    37 |   309 |   486 ||   860
       Dagger            |    40 |   119 |       |       ||   159
       Punch             |     2 |     3 |     5 |       ||    10
 Fire: Hunting sling     |    57 |       |       |       ||    57
Throw: Stone             |     3 |       |       |       ||     3
Invok: Divine Shield     |       |       |     1 |       ||     1
Evoke: Wand              |       |       |     8 |    11 ||    19
  Use: Scroll            |     2 |     5 |     3 |     3 ||    13
       Potion            |       |       |     3 |    12 ||    15
 Stab: Sleeping          |     1 |       |       |       ||     1
Armor: Robe              |     6 |       |       |       ||     6
       Ring mail         |     4 |       |       |       ||     4
       Plate armour      |    24 |   170 |   236 |   369 ||   799
Dodge: Dodged            |    32 |    38 |    97 |    22 ||   189
Block: Tower shield      |       |       |     7 |   299 ||   306
       Other             |       |       |     2 |       ||     2

Table legend: (Time is in decaauts)
 A = Elapsed time spent in this place.
 B = Non-inter-level travel time spent in this place.
 C = Inter-level travel time spent in this place.
 D = Time resting spent in this place.
 E = Time spent auto-exploring this place.
 F = Levels seen in this place.
 G = Mean time per level.
                   A        B        C        D        E       F      G
               +--------+--------+--------+--------+--------+-----+--------+
         Total |  11032 |  10273 |    759 |   2577 |   5469 |  14 |  788.0 |
       Dungeon |  10324 |   9565 |    759 |   2315 |   5140 |  12 |  860.3 |
        Temple |    312 |    312 |      0 |      0 |    301 |   1 |  312.0 |
         Sewer |    394 |    394 |      0 |    262 |     28 |   1 |  394.0 |
               +--------+--------+--------+--------+--------+-----+--------+

Top non-repeatable levels by time:
     D:7: 1716 daAuts
     D:1: 1636 daAuts
     D:5: 1279 daAuts
     D:3: 1233 daAuts
     D:9: 1132 daAuts
     D:8: 998 daAuts
     D:4: 929 daAuts
     D:6: 786 daAuts
     D:2: 551 daAuts
   Sewer: 394 daAuts
  Temple: 312 daAuts
    D:11: 43 daAuts
    D:13: 11 daAuts
    D:14: 4 daAuts
